 Dungeon Crawl Stone Soup version 0.19.0-11-g3fc08b3 (webtiles) character file.

189 Jerry the Charmwright (level 5, 0/27 HPs)
             Began as a Vine Stalker Skald on Nov 9, 2016.
             Slain by a wight
             ... wielding a cursed +3 war axe
              (2 damage)
             ... on level 4 of the Dungeon.
             The game lasted 00:09:50 (2849 turns).

Jerry the Charmwright (Vine Stalker Skald)          Turns: 2849, Time: 00:09:50

Health: 0/27       AC:  3    Str: 15    XL:     5   Next: 68%
Magic:  0/9        EV: 11    Int: 12    God:
Gold:   195        SH:  0    Dex: 12    Spells: 3 memorised, 2 levels left

rFire  . . .     SeeInvis .     e - +1 dagger (flame)
rCold  . . .     Gourm    .     b - +0 leather armour
rNeg   . . .     Faith    .     (no shield)
rPois  .         Spirit   +     (no helmet)
rElec  .         Reflect  .     (no cloak)
rCorr  .         Harm     .     (no gloves)
MR     .....                    (no boots)
Stlth  +.........               (no amulet)
                                (no ring)
                                j - -2 ring of dexterity (curse)

@: infused, singing, drained
A: fangs 2, regeneration 1, magic shield, antimagic bite, no device heal 3, rot
immunity
a: Stop Singing


You were on level 4 of the Dungeon.
You were hungry.

You visited 1 branch of the dungeon, and saw 4 of its levels.

You collected 195 gold pieces.

Inventory:

Hand Weapons
 e - a +1 dagger of flaming (weapon)
Armour
 b - a +0 leather armour (worn)
Jewellery
 j - a cursed -2 ring of dexterity (left hand)
 r - a +3 ring of protection {unknown}
Wands
 m - a wand of random effects (19/48)
Scrolls
 f - 2 scrolls of enchant weapon {unknown}
 h - 3 scrolls of identify
 i - 2 scrolls of enchant armour {unknown}
 n - a scroll of teleportation {unknown}
 q - 2 scrolls of fear {unknown}
 y - 2 scrolls of immolation {unknown}
 A - a scroll of blinking {unknown}
 C - a scroll of recharging {unknown}
 D - a scroll of random uselessness {unknown}
Potions
 a - a potion of might {unknown}
 g - a potion of lignification
 k - 3 potions of curing
 o - a potion of haste {unknown}
 s - a potion of berserk rage {unknown}
 t - a potion of degeneration {unknown}
 u - a potion of cancellation {unknown}
 v - a potion of brilliance {unknown}
 x - a potion of beneficial mutation {unknown}
 z - a potion of agility
 B - 2 potions of ambrosia {unknown}
Books
 c - a book of Battle

   Spells                             Type                      Level
   a - Infusion                       Charms                       1
   b - Shroud of Golubria             Charms/Translocation         2
   c - Song of Slaying                Charms                       2
   d - Spectral Weapon                Hexes/Charms                 3
   e - Regeneration                   Charms/Necromancy            3
Comestibles
 d - 4 bread rations
 l - a meat ration
 p - 2 beef jerkies
 w - 5 chunks of flesh


   Skills:
 + Level 2.6(1.7) Fighting
 - Level 2.1(1.2) Short Blades
 + Level 2.0(1.1) Armour
 - Level 1.4(0.5) Dodging
 - Level 2.1(1.2) Spellcasting
 + Level 4.0(3.0) Charms
 + Level 2.0(1.0) Necromancy


You had 2 spell levels left.
You knew the following spells:

 Your Spells              Type           Power        Failure   Level  Hunger
a - Infusion              Chrm           #...         12%         1    ##.....
b - Regeneration          Chrm/Necr      #.........   56%         3    ####...
c - Song of Slaying       Chrm           #.......     17%         2    ###....


Dungeon Overview and Level Annotations

Branches:
Dungeon (4/15)
 Temple: D:4-7

Altars:


Innate Abilities, Weirdness & Mutations

You have extremely sharp teeth.
Your natural rate of healing is unusually fast.
When hurt, damage is shared between your health and your magic reserves.
Your bite disrupts and absorbs the magic of your enemies.
Potions and wands cannot restore your health.
You are immune to rotting.


Message History

The wight is moderately damaged.
The wight hits you with an enchanted war axe.
You feel drained.
You hit the wight but do no damage. You bite the wight. You drain its power.
You feel invigorated.
The wight is heavily damaged.
You hit the wight. You burn the wight. Your bite misses the wight.
The wight is moderately damaged.
You closely miss the wight. You bite the wight. You drain its power.
You feel invigorated.
The wight is heavily damaged.
You hit the wight but do no damage. You bite the wight, but do no damage.
The wight is heavily damaged.
The wight hits you with an enchanted war axe!
You feel drained.
The wight hits you with an enchanted war axe.
The wight hits you with an enchanted war axe!
* * * LOW HITPOINT WARNING * * *
You feel drained.
You die...

...#... ..## .. .....
#..# z.. #...#
#..###.z.. ### #...#
....z...# #.# ##...##
##...(..# #.# ##.....#
#.z# #.## #......##
#..# ##.#
##...##..#####..#
#.#####..####..@z##..##
#.......## #.....zz..#
#####...## #..####...#
##...##..## ###.#
##......# #..# ##....##
##.# #....# .. #....##
... ##.....## .#..


You could see 3 wights.

Vanquished Creatures
  Terence (D:3)
  Natasha (D:3)
  5 adders
  A worm (D:3)
  2 dart slugs (D:3)
  5 leopard geckos
  3 orcs (D:3)
  A ball python (D:1)
  10 bats
  2 giant cockroaches
  6 hobgoblins
  10 jackals
  2 quokkas
  4 frilled lizards
  11 goblins
  6 kobolds
  A leopard gecko skeleton (D:4)
  8 rats
79 creatures vanquished.

Notes
Turn   | Place    | Note
-------+----------+-------------------------------------------
     0 | D:1      | Jerry the Vine Stalker Skald began the quest for the Orb.
     0 | D:1      | Reached XP level 1. HP: 11/11 MP: 4/4
    43 | D:1      | Reached skill level 1 in Dodging
    56 | D:1      | Reached skill level 1 in Armour
    56 | D:1      | Reached XP level 2. HP: 7/15 MP: 0/6
   512 | D:1      | Reached XP level 3. HP: 12/18 MP: 7/7
   914 | D:2      | Learned a level 3 spell: Regeneration
   917 | D:2      | Learned a level 2 spell: Song of Slaying
  1389 | D:2      | Gained mutation: Your natural rate of healing is unusually fast. [Vine Stalker growth]
  1389 | D:2      | Reached XP level 4. HP: 20/23 MP: 8/8
  1462 | D:2      | Reached skill level 1 in Necromancy
  2053 | D:3      | Noticed Terence
  2068 | D:3      | Killed Terence
  2068 | D:3      | Reached XP level 5. HP: 24/27 MP: 7/9
  2289 | D:3      | Noticed Natasha
  2306 | D:3      | Killed Natasha
  2306 | D:3      | Reached skill level 4 in Charms
  2849 | D:4      | Slain by a wight

Skill      XL: |  1  2  3  4  5 |
---------------+----------------+-----
Dodging        | 1 |  1.4
Armour         | 1 2 |  2.0
Short Blades   | 2 |  2.1
Fighting       | 2 |  2.6
Necromancy     | 1 2 |  2.0
Charms         | 4 |  4.0
Spellcasting   | |  2.1

Action                   |  1- 3 |  4- 6 || total
-------------------------+-------+-------++-------
Melee: Dagger            |    88 |   174 ||   262
       Bite              |    12 |    44 ||    56
       Short sword       |     2 |       ||     2
 Cast: Infusion          |     1 |     5 ||     6
       Song of Slaying   |       |     1 ||     1
  Use: Scroll            |       |     4 ||     4
       Potion            |       |     1 ||     1
  Eat: Chunk             |     1 |     5 ||     6
Armor: Leather armour    |    19 |    31 ||    50
Dodge: Dodged            |    56 |    96 ||   152
